 Dungeon Crawl Stone Soup version 0.27-a0-512-g57cc695410 (webtiles) character file.

Game seed: 16822377535189000868

195 dickylongcocking the Purveyor of Pain (level 5, -11/40 HPs)
             Began as a Hill Orc Necromancer on Mar 4, 2021.
             Was an Initiate of Kikubaaqudgha.
             Killed by divine providence
             ... invoked by an orc priest
              (15 damage)
             ... on level 4 of the Dungeon.
             The game lasted 00:03:16 (4774 turns).

dickylongcocking the Purveyor of Pain (HONe)        Turns: 4774, Time: 00:03:20

Health: -11/40     AC:  5    Str: 12    XL:     5   Next: 74%
Magic:  6/9        EV: 10    Int: 15    God:    Kikubaaqudgha [......]
Gold:   165        SH:  0    Dex: 11    Spells: 5/9 levels left

rFire    . . .     SeeInvis .   v - +2 whip (pain)
rCold    . . .     Faith    .   (no shield)
rNeg     + . .     Spirit   .   u - +0 ring mail
rPois    .         Reflect  .   (no helmet)
rElec    .         Harm     .   (no cloak)
rCorr    .         Rampage  .   (no gloves)
Will     +....                  (no boots)
Stlth    +.........             (no amulet)
HPRegen  0.13/turn              t - ring of willpower
MPRegen  0.11/turn              j - ring of positive energy

@: no status effects
A: no striking features
a: Renounce Religion, Convert to Beogh


You were on level 4 of the Dungeon.
You worshipped Kikubaaqudgha.
Kikubaaqudgha was noncommittal.
You visited 1 branch of the dungeon, and saw 4 of its levels.

You collected 165 gold pieces.

Inventory:

Hand Weapons
 c - a +2 dagger of speed
 k - a +0 spear
 l - a +0 quarterstaff
 v - a +2 whip of pain (weapon)
Armour
 a - a +0 robe
 f - a +0 leather armour
 o - a +0 kite shield
 u - a +0 ring mail (worn)
Jewellery
 j - a ring of positive energy (right hand)
 t - a ring of willpower (left hand)
Scrolls
 d - 2 scrolls of immolation {unknown}
 g - 3 scrolls of noise {unknown}
 h - a scroll of fog {unknown}
 i - a scroll of fear {unknown}
 m - 8 scrolls of identify {unknown}
 s - 2 scrolls of enchant weapon {unknown}
Potions
 b - a potion of heal wounds
 e - a potion of berserk rage {unknown}
 n - a potion of mutation {unknown}
 p - a potion of lignification {unknown}
 q - a potion of haste
 r - 2 potions of brilliance {unknown}


   Skills:
 * Level 1.2 Fighting
 * Level 1.0 Maces & Flails
 * Level 1.1 Armour
 - Level 1.6 Dodging
 - Level 1.6 Stealth
 * Level 2.9 Spellcasting
 * Level 5.3 Necromancy


You had 5 spell levels left.
You knew the following spells:

 Your Spells              Type           Power        Failure   Level
a - Pain                  Necr           72%          4%          1
x - Vampiric Draining     Necr           9%           16%         3

Your spell library contained the following spells:

 Spells                   Type           Power        Failure   Level
 Animate Skeleton         Necr           36%          4%          1
 Animate Dead             Necr           9%           45%         4
 Agony                    Necr           18%          80%         5


Dungeon Overview and Level Annotations

Branches:
Dungeon (4/15)
 Temple: D:4-7

Altars:
Dithmenos
Kikubaaqudgha


Message History

Kikubaaqudgha accepts your kill.
No target in view!
No target in view!
You now have 165 gold pieces (gained 12).
m - 8 scrolls labelled CAGEFROUGU (gained 1) 2 orcs and an orc wizard come into view.
An orc is wielding a +0 trident of flaming.
The orc shouts! x2; You hear a shout!
An orc priest comes into view. It is wielding a +0 flail.
A hound skeleton comes into view.
The orc priest mumbles some strange prayers to Beogh against you.
Beogh smites you!
Found a stone staircase leading down.
There are monsters nearby!
There are monsters nearby!
The orc wizard casts a spell at you. You resist with almost no effort.
There are monsters nearby!
You closely miss the orc wizard. The orc hits you but does no damage.
The orc wizard closely misses you.
The orc priest mumbles some strange prayers to Beogh against you.
Beogh smites you! The orc barely misses you.
There are monsters nearby!
You are too injured to fight recklessly!
Unknown command.
An orc wizard opens the door.
The orc priest calls down the wrath of Beogh upon you.
Beogh smites you!
* * * LOW HITPOINT WARNING * * *
Unknown command.
Casting: Pain (safe; 4% risk of failure)
Confirm with . or Enter, or press ? or * to list all spells.
Aiming: Vampiric Draining (dangerous; 16% risk of failure)
Press: ? - help, Shift-Dir - straight line, f - orc
Aim: an orc, wielding a +0 dagger and wearing a +0 chain mail There's nothing close enough!
The orc priest mumbles some strange prayers to Beogh against you.
Beogh smites you!
You die...
Kikubaaqudgha rasps: "You have failed me!
Welcome... death!"

#.# .# #.# ##.#
#.###...#. ########
#.#.......
.......####.#.......
............#.......
........###.....###+##
........###.#####....#
................@o...#
.......####..####....#
###'#+####......'oZ..+
###......#+#..###o...#
....#.##.......##....#
###.#.##[..)...##...o..
.....)).....<..##........
......####.#+#.####......
.................. ..>###


You could see an orc priest, an orc wizard, 2 orcs and a hound skeleton.

Vanquished Creatures
  2 orc priests
  A gnoll (D:1)
  4 adders (D:2)
  An adder skeleton (D:3)
  A worm (D:2)
  2 dart slugs (D:1)
  2 leopard geckos
  13 orcs
  4 giant cockroaches
  8 goblins
  4 hobgoblins
  6 jackals (D:2)
  A ball python (D:3)
  4 bats
  5 frilled lizards
  6 kobolds
  A leopard gecko skeleton (D:2)
  3 rats
  2 rat zombies (D:2)
70 creatures vanquished.

Notes
Turn   | Place    | Note
-------+----------+-------------------------------------------
     0 | D:1      | dickylongcocking the Hill Orc Necromancer began the quest
                  | for the Orb.
     0 | D:1      | Reached XP level 1. HP: 14/14 MP: 3/3
   284 | D:1      | Reached XP level 2. HP: 7/20 MP: 0/4
  1198 | D:1      | Reached XP level 3. HP: 26/26 MP: 6/6
  1631 | D:2      | Reached XP level 4. HP: 18/33 MP: 2/7
  1924 | D:1      | Learned a level 3 spell: Vampiric Draining
  2401 | D:2      | Reached skill level 5 in Necromancy
  2851 | D:2      | Found an ancient bone altar of Kikubaaqudgha.
  2859 | D:2      | Became a worshipper of Kikubaaqudgha
  2922 | D:3      | Found a shadowy altar of Dithmenos.
  3697 | D:3      | Reached XP level 5. HP: 23/38 MP: 1/9
  4593 | D:4      | Reached skill level 1 in Fighting
  4601 | D:4      | Reached skill level 1 in Maces & Flails
  4601 | D:4      | Reached skill level 1 in Armour
  4774 | D:4      | Killed from afar by an orc priest

Illustrated notes

Levels and vault maps discovered:
D:1:      eino_arrival_tree_alley, layout_basic, grunt_decor_cap
D:2:      layout_rooms, lemuel_zombie_altar_kikubaaqudgha, dk_noncrumbling_3
D:3:      layout_loops_corners, overflow_temple_1_default
D:4:      kennysheep_the_goblin_king, layout_basic, serial_shops, shop, shop

Skill      XL: |  1  2  3  4  5 |
---------------+----------------+-----
Spellcasting   | 2 |  2.9
Necromancy     | 5 |  5.3
Fighting       | 1 |  1.2
Maces & Flails | 1 |  1.0
Armour         | 1 |  1.1
Dodging        | |  1.6
Stealth        | |  1.6

Action                   |  1- 3 |  4- 6 || total
-------------------------+-------+-------++-------
Melee: Dagger            |     8 |    44 ||    52
       Spear             |    22 |    28 ||    50
       Quarterstaff      |       |    19 ||    19
       Whip              |       |    29 ||    29
 Cast: Pain              |    33 |    43 ||    76
       Vampiric Draining |       |     3 ||     3
  Use: Potion            |       |     1 ||     1
 Stab: Sleeping          |     1 |     2 ||     3
Armor: Robe              |     1 |       ||     1
       Leather armour    |    10 |    32 ||    42
       Ring mail         |       |    13 ||    13
Dodge: Dodged            |    40 |   101 ||   141

Table legend: (Time is in decaauts)
 A = Elapsed time spent in this place.
 B = Non-inter-level travel time spent in this place.
 C = Inter-level travel time spent in this place.
 D = Time resting spent in this place.
 E = Time spent auto-exploring this place.
 F = Levels seen in this place.
 G = Mean time per level.
                   A        B        C        D        E       F      G
               +--------+--------+--------+--------+--------+-----+--------+
         Total |   4771 |   4648 |    123 |   1150 |   2976 |   4 | 1192.8 |
       Dungeon |   4771 |   4648 |    123 |   1150 |   2976 |   4 | 1192.8 |
               +--------+--------+--------+--------+--------+-----+--------+

Top non-repeatable levels by time:
     D:1: 1892 daAuts
     D:3: 1629 daAuts
     D:2: 1032 daAuts
     D:4: 216 daAuts
